 Dungeon Crawl Stone Soup version 0.20-a0-303-g575bbf7 (webtiles) character file.

182332 dexter the Warrior (level 17, -11/198 HPs)
             Began as an Ogre Wanderer on Dec 15, 2016.
             Was an Initiate of Gozag.
             Shot with a bolt by a naga sharpshooter (25 damage)
             ... on level 3 of the Snake Pit on Dec 18, 2016.
             The game lasted 06:24:59 (46302 turns).

dexter the Warrior (Ogre Wanderer)                 Turns: 46302, Time: 06:25:00

Health: -11/198    AC: 22    Str: 20    XL:     17   Next: 96%
Magic:  21/46      EV:  8    Int: 21    God:    Gozag
Gold:   410        SH:  0    Dex:  6    Spells: 3/48 levels left

rFire  . . .     SeeInvis .     d - +9 giant club
rCold  . . .     Gourm    .     Z - +8 swamp dragon scales of Uskayaw's Envy {+Blink rPois rF- Int+3}
rNeg   . . .     Faith    .     (shield currently unavailable)
rPois  +         Spirit   .     X - +2 hat
rElec  +         Reflect  .     A - +2 cloak {rPois}
rCorr  .         Harm     .     (gloves unavailable)
MR     +....     Clarity  +     (boots unavailable)
Stlth  ..........               F - amulet of magic regeneration
                                p - ring "Soeguadu" {rElec MP+9}
                                y - ring of protection from fire

@: lethally poisoned (-11 -> -12), silence, very slightly contaminated, hasted,
very quick
A: unfitting armour, clarity, tough skin 1, weak 1
}: 1/15 runes: decaying
a: Renounce Religion, Evoke Blink


You were on level 3 of the Snake Pit.
You worshipped Gozag.
Gozag was aware of your devotion.
You were not hungry.

You visited 7 branches of the dungeon, and saw 32 of its levels.
You also visited: Labyrinth.

You collected 11583 gold pieces.
You spent 5549 gold pieces at shops.
You paid 5624 gold pieces to Gozag.

Inventory:

Hand Weapons
 d - a +9 giant club (weapon)
Missiles
 a - 10 large rocks (quivered)
 E - 5 tomahawks of dispersal
Armour
 r - the cursed +0 shield of the Present {rC++ Regen+ Str-3 Int+8, unknown}
   (You took it off Donald on level 1 of the Snake Pit)

   It affects your strength (-3).
   It affects your intelligence (+8).
   It greatly protects you from cold.
   It increases your rate of regeneration.
   It has a curse placed upon it.
 A - a +2 cloak of poison resistance (worn)
 X - a +2 hat (worn)
 Z - the +8 swamp dragon scales of Uskayaw's Envy (worn) {+Blink rPois rF- Int+3}
   (You bought it in a shop on level 15 of the Dungeon)

   It affects your intelligence (+3).
   It makes you vulnerable to fire.
   It protects you from poison.
   It lets you blink.
Jewellery
 e - an uncursed amulet of rage
 p - the ring "Soeguadu" (right hand) {rElec MP+9}
   (You took it off a minotaur in a labyrinth)

   [ring of magical power]

   It insulates you from electricity.
   It affects your magic capacity (+9).
 y - a ring of protection from fire (left hand)
 F - an amulet of magic regeneration (around neck)
 K - an uncursed ring of resist corrosion
 U - an uncursed ring of positive energy
 V - an uncursed ring of wizardry
 W - the ring "Xemmuptu" {Wiz -Tele rN+ Dex+7 Stlth+}
   (You bought it in a shop on level 1 of the Orcish Mines)

   [ring of wizardry]

   It improves your spell success rate.
   It affects your dexterity (+7).
   It protects you from negative energy.
   It prevents most forms of teleportation.
   It makes you more stealthy.
Wands
 i - a wand of disintegration (9/24)
 m - a wand of lightning (10/15)
 o - a wand of iceblast (5/15)
 s - a wand of disintegration (3/24)
 t - a wand of lightning (4/15)
 w - a wand of acid (7/15)
 B - a wand of digging (12/24)
 C - a wand of paralysis (10/24)
 M - a wand of teleportation (2/9)
 N - a wand of paralysis (5/24)
Scrolls
 g - 4 scrolls of blinking
 h - 4 scrolls of fog
 k - 8 scrolls of teleportation
 l - 4 scrolls of identify
 n - a scroll of amnesia
 x - 2 scrolls of vulnerability
 D - 3 scrolls of recharging
 J - a scroll of summoning
 O - a scroll of fear
 P - 7 scrolls of magic mapping
Potions
 c - 5 potions of lignification
 f - 3 potions of might
 q - 5 potions of agility
 u - 6 potions of curing
 L - 4 potions of cancellation
 S - 2 potions of berserk rage
Books
 j - a book of Frost

   Spells                             Type                      Level
   a - Freeze                         Ice                          1
   b - Throw Frost                    Conjuration/Ice              2
   c - Ozocubu's Armour               Charms/Ice                   3
   d - Throw Icicle                   Conjuration/Ice              4
   e - Summon Ice Beast               Ice/Summoning                4
Comestibles
 b - a beef jerky
 G - 13 fruits


   Skills:
 - Level 19.0 Fighting
 - Level 12.4 Maces & Flails
 + Level 5.0 Armour
 - Level 1.0 Shields
 - Level 16.1 Spellcasting
 - Level 4.5 Conjurations
 - Level 9.0 Hexes
 - Level 8.0 Charms
 - Level 4.0 Summonings
 - Level 4.0 Necromancy
 - Level 5.0 Translocations
 - Level 4.0 Fire Magic
 - Level 8.0 Air Magic
 - Level 2.0 Poison Magic
 - Level 1.0 Evocations


You had 3 spell levels left.
You knew the following spells:

 Your Spells              Type           Power        Failure   Level  Hunger
a - Magic Dart            Conj           ####         1%          1    None
b - Blink                 Tloc           N/A          1%          2    None
c - Repel Missiles        Chrm/Air       ######       1%          2    None
d - Call Imp              Summ           ####....     1%          2    None
e - Conjure Flame         Conj/Fire      ####....     3%          3    None
f - Mephitic Cloud        Conj/Pois/Air  #####...     2%          3    None
g - Inner Flame           Hex/Fire       #####...     1%          3    None
h - Sticky Flame          Conj/Fire      ####....     12%         4    None
i - Spectral Weapon       Hex/Chrm       ######..     1%          3    None
j - Regeneration          Chrm/Necr      #####.....   1%          3    None
k - Summon Lightning Spi  Summ/Air       #####...     6%          4    None
l - Cause Fear            Hex            ######....   1%          4    None
m - Deflect Missiles      Chrm/Air       ######....   34%         6    #####..
n - Silence               Hex/Air        ######....   6%          5    ##.....


Dungeon Overview and Level Annotations

Branches:
Dungeon (15/15)            Temple (1/1) D:4            Lair (6/6) D:8
  Swamp (4/4) Lair:2        Snake (3/4) Lair:4        Slime (0/5) Lair:5
    Orc (2/2) D:11            Elf (1/3) Orc:2        Vaults (0/5) D:14
 Depths (0/5) D:15

Altars:
Ashenzari
Cheibriados
Dithmenos
Elyvilon
Fedhas
Gozag
Hepliaklqana
Kikubaaqudgha
Makhleb
Nemelex Xobeh
Okawaru
Qazlal
Ru
Sif Muna
Trog
Uskayaw
Vehumet
Xom
Yredelemnul
Zin
The Shining One
Beogh

Shops:
D:6 }   D:9 *   D:14 :   D:15 [*   Orc:1 ![[[*[*   Orc:2 [%[=   Elf:1 (


Innate Abilities, Weirdness & Mutations

You are too large for most types of armour.
You have tough skin. (AC +1)
You possess an exceptional clarity of mind.
You are weak. (Str -2)


Message History

Okay, then.
Okay, then.
Evoke which item? (* to show all) (? for menu, Esc to quit)
Okay, then.
Press: ? - help, v - describe, . - travel
Here: a naga sharpshooter, wielding a short sword (silenced)
The floor.
Evoke which item? (* to show all) (? for menu, Esc to quit)
Zapping:
w - a wand of acid (8/15)
Press: ? - help, Shift-Dir - straight line, f - naga sharpshooter
Aim: a naga sharpshooter, wielding a short sword (silenced)
The bolt of acid hits the naga sharpshooter.
The naga sharpshooter is splashed with acid.
The naga sharpshooter is lightly wounded.
This wand has 7 charges left.
The naga sharpshooter unwields an uncursed short sword.
The naga sharpshooter wields an uncursed arbalest.
The naga sharpshooter shoots a bolt.
The bolt hits you!!
You die...
Your body crumbles into a pile of gold.

#......#
##......#
##.......#
##........#
.###.........#
.............#
.............#
.......<.....#
........@..$.#
................
....|....N.<....
##########......
#....# .#..#
##.# .#


You could see a naga sharpshooter.

Vanquished Creatures
  A bone dragon (Swamp:4)
  Rupert (Lair:3)
  Frances (D:12)
  2 thorn hunters
  Gastronok (Lair:3)
  Kirke (Swamp:2)
  Donald (Snake:1)
  A fire giant (D:15)
  An orc warlord (Orc:2)
  A very ugly thing (Swamp:4)
  3 dire elephants (Lair:6)
  Snorg (Orc:1)
  A minotaur (Lab)
  Erolcha (Orc:1)
  Harold (Orc:2)
  13 hydras
  A naga warrior (Snake:1)
  8 vault guards (D:14)
  4 ghost crabs
  7 alligators
  2 anacondas
  3 death yaks (Lair:2)
  3 centaur warriors
  5 two-headed ogres
  2 tengu warriors
  5 orc high priests (Orc:2)
  3 naga sharpshooters
  2 deep elf knights (Elf:1)
  4 shock serpents
  Sonja (D:15)
  3 spriggans
  Nergalle (D:11)
  2 unseen horrors
  2 shambling mangroves
  2 naga ritualists (Snake:1)
  A spectral hydra (Swamp:4)
  A deep elf archer (Elf:1)
  A phantasmal warrior (Swamp:4)
  5 swamp dragons
  5 orc knights (Orc:2)
  5 ugly things
  3 cyclopes
  5 mana vipers
  A wolf spider zombie (D:15)
  2 manticores
  10 deep elf magi
  4 orc sorcerers
  3 salamanders (Snake:1)
  15 elephants
  A guardian serpent (Snake:2)
  14 black mambas
  5 naga magi
  Psyche (D:11)
  A black mamba (shapeshifter) (D:14)
  A gargoyle (D:11)
  7 centaur skeletons
  A kobold demonologist (D:15)
  12 spiny frogs
  A torpor snail (Lair:5)
  2 rime drakes
  3 swamp worm zombies (Swamp:4)
  A freezing wraith (D:14)
  13 komodo dragons
  2 hydra zombies (Swamp:4)
  A tengu conjurer (D:14)
  12 trolls
  Grinder (D:3)
  10 tyrant leeches
  9 hornets
  20 blink frogs
  10 dream sheep
  9 bog bodies
  8 hippogriffs
  A blink frog (shapeshifter) (D:14)
  17 slime creatures
  6 alligator zombies (Swamp:4)
  5 spectral swamp dragons (Swamp:4)
  Sigmund (D:2)
  3 shadows
  50 yaks
  3 wyverns
  Eustachio (D:6)
  3 basilisks
  A hog (Swamp:3)
  2 humans
  A hungry ghost (D:14)
  29 insubstantial wisps
  20 vampire mosquitoes
  6 wargs
  13 nagas
  14 swamp worms
  9 water moccasins
  5 porcupines
  A hornet zombie (D:14)
  A sky beast (D:13)
  7 swamp drakes
  51 orc warriors
  A meliai simulacrum (D:15)
  6 ice beasts
  An ogre (shapeshifter) (Elf:1)
  6 phantoms
  11 wolves
  5 swamp dragon zombies (Swamp:4)
  14 ogres
  2 centaurs
  11 crocodiles
  2 big kobolds
  An earth elemental (Elf:1)
  15 bullfrogs
  A wyvern skeleton (D:12)
  4 scorpions
  7 wights
  10 killer bees
  An electric eel (Lair:3)
  5 howler monkeys
  4 centaur zombies
  4 crimson imps
  A quasit (D:10)
  A bullfrog zombie (D:5)
  2 bullfrog skeletons (D:6)
  5 hounds
  7 jellies
  35 orc priests
  Crazy Yiuf (D:6)
  4 iguanas
  9 worker ants
  35 orc wizards
  2 hound zombies
  A hound skeleton (D:11)
  A gnoll (D:5)
  A howler monkey skeleton (D:5)
  2 swamp drake zombies (Swamp:4)
  9 adders
  2 shadow imps
  3 adder zombies
  An adder skeleton (D:8)
  A worm (D:3)
  3 dart slugs
  5 leopard geckos
  140 orcs
  2 ball pythons
  3 giant cockroaches (D:3)
  8 goblins
  7 hobgoblins
  6 jackals
  17 kobolds
  4 quokkas
  5 bats
  6 frilled lizards
  A jackal skeleton (D:7)
  2 jackal zombies
  2 leopard gecko skeletons (D:4)
  3 leopard gecko zombies
  A quokka skeleton (D:6)
  A quokka zombie (D:5)
  8 rats
  A butterfly (Lair:3)
  3 fungi
  6 plants (Lair:6)
  6 spectral weapons
1021 creatures vanquished.

Vanquished Creatures (collateral kills)
  A dire elephant (Lair:6)
  A hydra (Lair:4)
  An alligator (Swamp:3)
  3 death yaks (Lair:2)
  A death drake (Swamp:4)
  A swamp dragon (Swamp:3)
  An orc sorcerer (Orc:1)
  A mana viper (Snake:1)
  A deep elf mage (Elf:1)
  An elephant (Lair:6)
  A spiny frog (Lair:6)
  3 naga magi
  A swamp worm zombie (Swamp:4)
  A rime drake (Lair:4)
  A troll (Orc:1)
  A tyrant leech (Swamp:3)
  A slime creature (Swamp:1)
  2 dream sheep (Lair:5)
  2 bog bodies (Swamp:4)
  8 blink frogs
  A hog (Swamp:3)
  7 yaks
  A vampire mosquito (Swamp:2)
  A naga (Snake:1)
  A swamp worm (Swamp:3)
  A water moccasin (Lair:2)
  2 porcupines (Lair:1)
  An orc warrior (D:13)
  A centaur (D:10)
  4 wolves
  5 ogres
  A phantom (Swamp:4)
  Blork the orc (D:6)
  2 bullfrogs (Lair:4)
  An electric eel (D:13)
  A crimson imp (D:10)
  7 orc priests
  An orc wizard (D:4)
  A worker ant (D:4)
  A hound zombie (D:11)
  2 gnolls (D:6)
  A shadow imp (D:10)
  9 orcs
  A jackal (D:10)
  A fungus (Lair:4)
88 creatures vanquished.

Vanquished Creatures (others)
  A deep elf mage (D:14)
  A tyrant leech (Swamp:4)
  A hog (Swamp:3)
  A yak (Lair:6)
  A swamp worm (Swamp:4)
  A naga (Snake:2)
  A big kobold (D:14)
  An orc (Orc:2)
  A briar patch (Swamp:4)
  15 fungi
  4 plants
  13 spectral weapons
41 creatures vanquished.

Grand Total: 1150 creatures vanquished

Notes
Turn   | Place    | Note
-------+----------+-------------------------------------------
     0 | D:1      | dexter the Ogre Wanderer began the quest for the Orb.
     0 | D:1      | dexter set off with: a book of Minor Magic, the Tome of the Rocks, a potion of lignification, a +0 robe, a +0 club, a bread ration
     0 | D:1      | Reached XP level 1. HP: 16/16 MP: 6/6
     0 | D:1      | Identified the Tome of the Rocks
     2 | D:1      | Learned a level 1 spell: Magic Dart
   207 | D:1      | Reached skill level 1 in Fighting
   395 | D:1      | Reached XP level 2. HP: 28/28 MP: 4/7
   430 | D:1      | Reached skill level 5 in Spellcasting
   496 | D:2      | Reached skill level 2 in Fighting
   557 | D:2      | Noticed Sigmund
   859 | D:3      | Learned a level 2 spell: Blink
   862 | D:3      | Learned a level 2 spell: Repel Missiles
   963 | D:3      | Reached XP level 3. HP: 36/36 MP: 0/9
  1057 | D:3      | Reached skill level 3 in Fighting
  1156 | D:3      | Found a faded altar of an unknown god.
  1466 | D:2      | Found a stormy altar of Qazlal.
  2410 | D:3      | Noticed Grinder
  2410 | D:3      | Paralysed by Grinder for 4 turns
  3090 | D:4      | Found a staircase to the Ecumenical Temple.
  3099 | Temple   | Entered the Ecumenical Temple
  3355 | Temple   | Became a worshipper of Gozag Ym Sagoz the Greedy
  3385 | D:4      | Reached XP level 4. HP: 45/45 MP: 11/11
  3406 | D:5      | Entered Level 5 of the Dungeon
  3420 | D:5      | Noticed an ice beast
  3440 | D:4      | Learned a level 2 spell: Call Imp
  3444 | D:4      | Learned a level 3 spell: Conjure Flame
  3663 | D:5      | Noticed a water moccasin
  3673 | D:5      | Reached skill level 1 in Summonings
  3802 | D:5      | Killed a water moccasin
  3802 | D:5      | Reached XP level 5. HP: 38/53 MP: 3/12
  4145 | D:5      | Reached XP level 6. HP: 59/61 MP: 12/13
  4150 | D:5      | Learned a level 3 spell: Mephitic Cloud
  4634 | D:4      | Reached skill level 1 in Air Magic
  4634 | D:4      | Reached skill level 1 in Poison Magic
  5670 | D:5      | Reached XP level 7. HP: 56/67 MP: 14/14
  6319 | D:6      | Noticed Blork the orc
  6441 | D:6      | Found Uxymach's Gadget Shop.
  6637 | D:6      | Reached XP level 8. HP: 60/75 MP: 17/18
  6675 | D:6      | Bought a wand of disintegration (15/24) for 228 gold pieces
  6675 | D:6      | Bought a wand of iceblast (10/15) for 168 gold pieces
  6694 | D:6      | Killed Blork the orc
  6798 | D:6      | Noticed Eustachio
  6803 | D:6      | Killed Eustachio
  7413 | D:6      | Reached skill level 4 in Fighting
  7552 | D:6      | Found a runed door.
  7556 | D:6      | Noticed Crazy Yiuf
  7567 | D:6      | Killed Crazy Yiuf
  7611 | D:6      | Reached skill level 5 in Fighting
  7695 | D:7      | Learned a level 3 spell: Inner Flame
  7766 | D:7      | Found a burning altar of Makhleb.
  7800 | D:7      | Reached skill level 1 in Hexes
  7837 | D:7      | Reached XP level 9. HP: 79/88 MP: 18/22
  7843 | D:7      | Noticed a troll
  7849 | D:7      | Killed a troll
  8741 | D:2      | Found a white marble altar of Elyvilon.
  8824 | D:2      | Killed Sigmund
  9347 | D:3      | Killed Grinder
 10070 | D:8      | Learned a level 4 spell: Sticky Flame
 10166 | D:8      | Reached skill level 5 in Translocations
 10433 | D:8      | Noticed a two-headed ogre
 10433 | D:8      | Reached XP level 10. HP: 96/96 MP: 23/23
 10449 | D:8      | Killed a two-headed ogre
 10449 | D:8      | Reached skill level 6 in Fighting
 10449 | D:8      | Reached skill level 10 in Spellcasting
 10716 | D:8      | Reached skill level 7 in Fighting
 11006 | D:8      | Found a staircase to the Lair.
 11319 | D:9      | Found Xuedotih's Elemental Accessories.
 11420 | D:9      | Reached skill level 8 in Fighting
 11851 | D:9      | Got a faintly humming robe
 11862 | D:9      | Identified the +0 robe of Altruism {Dex+2} (You found it on level 9 of the Dungeon)
 12035 | D:10     | Entered Level 10 of the Dungeon
 12457 | D:10     | Reached skill level 9 in Fighting
 12671 | D:10     | Found a blossoming altar of Fedhas.
 12943 | D:10     | Reached skill level 10 in Fighting
 12943 | D:10     | Reached XP level 11. HP: 117/117 MP: 16/26
 13190 | D:11     | Noticed a two-headed ogre
 13218 | D:11     | Killed a two-headed ogre
 13390 | D:11     | Noticed Psyche
 13425 | D:11     | Killed Psyche
 13805 | D:11     | Noticed a cyclops
 13847 | D:11     | Killed a cyclops
 13871 | D:11     | Gained mutation: You possess an exceptional clarity of mind. [potion of mutation]
 13871 | D:11     | Gained mutation: You are weak. (Str -2) [potion of mutation]
 14737 | D:11     | Noticed Nergalle
 14924 | D:11     | Found a staircase to the Orcish Mines.
 14986 | D:11     | Noticed a spectral orc warlord
 14986 | D:11     | Killed Nergalle
 15155 | D:12     | Noticed a manticore
 15210 | D:12     | Noticed a brown ugly thing
 15228 | D:12     | Killed a brown ugly thing
 15280 | D:12     | Noticed a cyclops
 15542 | Orc:1    | Entered Level 1 of the Orcish Mines
 15542 | Orc:1    | Noticed Erolcha
 15564 | Orc:1    | Found Netytt's Distillery.
 15575 | Orc:1    | Killed Erolcha
 15630 | Orc:1    | Upgraded the game from 0.20-a0-296-gf222164 to 0.20-a0-299-gec7c366
 15667 | Orc:1    | Bought a potion of heal wounds for 60 gold pieces
 15667 | Orc:1    | Bought a potion of might for 48 gold pieces
 15667 | Orc:1    | Bought a potion of agility for 48 gold pieces
 15667 | Orc:1    | Bought a potion of heal wounds for 60 gold pieces
 15667 | Orc:1    | Bought a potion of heal wounds for 60 gold pieces
 15786 | Orc:1    | Bought a potion of invisibility for 96 gold pieces
 15786 | Orc:1    | Bought a potion of haste for 120 gold pieces
 15798 | Orc:2    | Entered Level 2 of the Orcish Mines
 15798 | Orc:2    | Noticed a two-headed ogre
 15832 | Orc:1    | Reached skill level 11 in Fighting
 16212 | Orc:1    | Killed a two-headed ogre
 16569 | Orc:2    | Noticed a two-headed ogre
 16603 | Orc:2    | Killed a two-headed ogre
 16603 | Orc:2    | Reached skill level 12 in Fighting
 16603 | Orc:2    | Reached XP level 12. HP: 95/132 MP: 20/30
 16937 | Orc:1    | Noticed Harold
 16967 | Orc:2    | Killed Harold
 17445 | Orc:2    | Reached skill level 13 in Fighting
 17760 | Orc:2    | Found a roughly hewn altar of Beogh.
 18016 | Orc:2    | Found Eheh's Jewellery Boutique.
 18040 | Orc:2    | Reached skill level 14 in Fighting
 18074 | Orc:2    | Found Matromp's Armour Shop.
 19124 | Orc:2    | Reached skill level 15 in Fighting
 20004 | Orc:2    | Found a staircase to the Elven Halls.
 20131 | Orc:2    | Noticed an orc warlord
 20157 | Orc:2    | Killed an orc warlord
 20157 | Orc:2    | Reached skill level 16 in Fighting
 20351 | Orc:2    | Reached XP level 13. HP: 154/154 MP: 31/31
 20391 | Orc:2    | Found a roughly hewn altar of Beogh.
 20612 | Orc:2    | Reached skill level 17 in Fighting
 20658 | Orc:2    | Found Dif Vur's Food Shop.
 20724 | Orc:2    | Found Ifeunuxo's Armour Emporium.
 21010 | Orc:1    | Noticed Snorg
 21679 | Orc:2    | Reached skill level 18 in Fighting
 22020 | Orc:1    | Killed Snorg
 22965 | Orc:1    | Bought a runed cloak for 304 gold pieces
 22965 | Orc:1    | Bought an ichor-stained troll leather armour for 580 gold pieces
 22988 | Orc:1    | Identified the +1 troll leather armour of Benkaelocw {rPois rC+ Regen+ Str+5} (You bought it in a shop on level 1 of the Orcish Mines)
 23013 | Orc:1    | Bought a scroll of blinking for 120 gold pieces
 23013 | Orc:1    | Bought a slice of pizza for 24 gold pieces
 23013 | Orc:1    | Bought 3 fruits for 72 gold pieces
 23159 | D:12     | Reached skill level 1 in Maces & Flails
 23326 | D:12     | Noticed Frances
 24863 | D:12     | Killed Frances
 24863 | D:12     | Reached skill level 5 in Maces & Flails
 25123 | D:12     | Found a blossoming altar of Fedhas.
 25409 | D:14     | Reached XP level 14. HP: 125/170 MP: 12/32
 25415 | D:14     | Found a gate to the Vaults.
 25646 | D:14     | Found Uruyriwkoi's Book Shop.
 25660 | D:14     | Found a labyrinth entrance.
 25669 | Lab      | Entered a labyrinth
 26580 | Lab      | Learned a level 3 spell: Spectral Weapon
 26584 | Lab      | Learned a level 3 spell: Regeneration
 26643 | Lab      | Reached skill level 1 in Charms
 26710 | Lab      | Got a scorched ivory ring
 26731 | Lab      | Identified Sif Muna's Incunabulum of Feathers
 26734 | Lab      | Identified the Catalogue of the Tundras
 26771 | Lab      | Identified the ring "Soeguadu" {rElec MP+9} (You took it off a minotaur in a labyrinth)
 27974 | D:15     | Entered Level 15 of the Dungeon
 28030 | D:15     | Found Solae's Antique Armour Shop.
 28035 | D:15     | Noticed Sonja
 28082 | D:15     | Killed Sonja
 28287 | D:15     | Noticed a fire giant
 28706 | D:15     | Found a staircase to the Depths.
 28709 | D:15     | Killed a fire giant
 28729 | D:15     | Reached skill level 10 in Maces & Flails
 28772 | D:15     | Found Oquff's General Store.
 28780 | D:15     | Bought a scroll of magic mapping for 56 gold pieces
 29133 | D:14     | Learned a level 4 spell: Summon Lightning Spire
 29138 | D:14     | Learned a level 4 spell: Cause Fear
 29409 | Elf:1    | Entered Level 1 of the Elven Halls
 29423 | Elf:1    | Found Woletuamo's Antique Weapon Shop.
 29500 | Elf:1    | Reached XP level 15. HP: 178/178 MP: 33/33
 29950 | Elf:1    | Noticed a deep elf sorcerer
 30111 | Orc:1    | Upgraded the game from 0.20-a0-299-gec7c366 to 0.20-a0-303-g575bbf7
 30211 | Lair:1   | Entered Level 1 of the Lair of Beasts
 31024 | Lair:2   | Found a staircase to the Swamp.
 32193 | Lair:3   | Noticed Rupert
 32209 | Lair:3   | Killed Rupert
 32544 | Lair:3   | Noticed Gastronok
 32592 | Lair:3   | Killed Gastronok
 33026 | Lair:4   | Reached skill level 15 in Spellcasting
 33442 | Lair:4   | Found a staircase to the Snake Pit.
 33701 | Lair:4   | Reached skill level 5 in Air Magic
 34109 | Lair:5   | Reached XP level 16. HP: 188/188 MP: 24/35
 34117 | Lair:5   | Found a staircase to the Slime Pits.
 35063 | Lair:6   | Entered Level 6 of the Lair of Beasts
 35287 | Lair:6   | Reached skill level 5 in Hexes
 36422 | Lair:6   | Reached skill level 5 in Charms
 37058 | Lair:6   | Identified the +3 giant spiked club of Isixkot {vamp, MR+ Stlth+} (You found it on level 6 of the Lair of Beasts)
 37527 | Orc:1    | Learned a level 6 spell: Deflect Missiles
 37552 | Orc:1    | Learned a level 5 spell: Silence
 37987 | Snake:1  | Entered Level 1 of the Snake Pit
 38474 | Swamp:1  | Entered Level 1 of the Swamp
 40007 | Swamp:2  | Found a basalt altar of Yredelemnul.
 40614 | Swamp:3  | Reached XP level 17. HP: 179/196 MP: 34/36
 41252 | Swamp:3  | Noticed Kirke
 41336 | Swamp:2  | Killed Kirke
 41642 | Swamp:4  | Entered Level 4 of the Swamp
 41647 | Swamp:4  | Identified the +5 shield of Inference {*Contam rC++ rN+} (You found it on level 4 of the Swamp)
 41963 | Orc:1    | Bought a scroll of identify for 46 gold pieces
 41963 | Orc:1    | Bought a scroll of teleportation for 69 gold pieces
 41963 | Orc:1    | Bought a scroll of fear for 80 gold pieces
 41963 | Orc:1    | Bought a scroll of identify for 46 gold pieces
 41963 | Orc:1    | Bought a glittering ivory ring for 115 gold pieces
 41963 | Orc:1    | Bought a scroll of teleportation for 69 gold pieces
 41976 | Orc:1    | Identified the ring "Xemmuptu" {Wiz -Tele rN+ Dex+7 Stlth+} (You bought it in a shop on level 1 of the Orcish Mines)
 42390 | Swamp:4  | Reached skill level 19 in Fighting
 43653 | Swamp:4  | Noticed a bone dragon
 43680 | Swamp:4  | Killed a bone dragon
 43858 | Swamp:4  | Got a decaying rune of Zot
 44971 | D:15     | Bought scorched swamp dragon scales for 1485 gold pieces
 44981 | D:15     | Identified the +8 swamp dragon scales of Uskayaw's Envy {+Blink rPois rF- Int+3} (You bought it in a shop on level 15 of the Dungeon)
 45110 | Orc:1    | Bought transparent swamp dragon scales for 1595 gold pieces
 45120 | Orc:1    | Identified the +0 swamp dragon scales "Sig Cyhin" {rPois rF+ rCorr Str+6 Dex-5} (You bought it in a shop on level 1 of the Orcish Mines)
 45397 | Snake:1  | Reached skill level 1 in Armour
 45972 | Snake:2  | Noticed Donald
 46200 | Snake:1  | Killed Donald
 46208 | Snake:1  | Got a transparent shield {Donald}
 46258 | Snake:1  | Reached skill level 5 in Armour
 46288 | Snake:2  | HP: 7/198 [naga mage (12)]
 46302 | Snake:3  | Shot with a bolt by a naga sharpshooter

Vault maps used:
D:1:      ncdulo_watergridlock
D:2:      lemuel_upstairs_altar, nrook_mini_backslash, lemuel_statue_altar,
          uniq_sigmund
D:3:      chequers_ecumenical_altar_simple, uniq_grinder
D:4:      kennysheep_generic_room_3
D:5:      first_bread
D:6:      serial_shops, shop_statue, uniq_blork_the_orc, uniq_eustachio,
          uniq_crazy_yiuf_cottage
D:7:      makhleb_heckhound_becter
D:8:      erik_lair_orcish_takeover
D:9:      grunt_ogre_cave, nicolae_elemental_shop
D:10:     nicolae_whirlpool, fedhas_altar_2
D:11:     david_orc_4, uniq_nergalle, uniq_psyche
D:12:     basic_altar, uniq_frances
D:14:     kennysheep_spiral_hall, erik_vaults_2, lab_entry_generic,
          serial_shops, kennysheep_mini, roderic_greek_sauvastika,
          solitary_fountain
D:15:     grunt_enter_depths_giant_problem, serial_shops, shop_statue, shop,
          corexii_corridor_pit, uniq_sonja
Temple:   roderic_octagonal_lattice_temple
Lair:1:   minivault_24
Lair:2:   swamp_mist_pool, grunt_megastairs_4
Lair:3:   serial_forest, infiniplex_forest_straight_1,
          infiniplex_forest_lined_3, infiniplex_forest_straight_4,
          infiniplex_forest_zigzag_2, infiniplex_forest_lined_3,
          infiniplex_forest_clump_long, infiniplex_forest_lined_room_3,
          infiniplex_forest_lined_corner, infiniplex_staircase_pool,
          lemuel_fruit_fields, uniq_gastronok, uniq_rupert
Lair:4:   dummy_snake_entry, grunt_megastairs_2
Lair:5:   minmay_slime_entry_pillars
Lair:6:   due_jungle_book
Swamp:1:  hangedman_swamp_lotus, swamp_pool4
Swamp:2:  basic_altar, swamp_pool5
Swamp:3:  evilmike_swamp_ruin_house_2, uniq_kirke
Swamp:4:  swamp_pestilence, swamp_pool3
Snake:1:  spider_trap, grunt_ministairs_14, serial_bayou_shore_b
Snake:2:  basic_altar, uniq_donald, uniq_aizul
Snake:3:  minmay_shop_grid_forest, uniq_vashnia, uniq_bai_suzhen
Orc:1:    serial_shops, shop, uniq_harold, uniq_erolcha, uniq_snorg
Orc:2:    pubby_orc_utopia
Elf:1:    serial_shops, nicolae_shop_behind_doors, minmay_elf_sorcery
Lab:      nicolae_lab_dead_adventurers

Skill      XL: |  1  2  3  4  5  6  7  8  9 10 11 12 13 14 15 16 17 |
---------------+----------------------------------------------------+-----
Fighting       | 1 2 3 5 10 12 16 18 19 | 19.0
Spellcasting   | 5 7 9 11 14 15 16 | 16.1
Translocations | 2 5 |  5.0
Summonings     | 2 3 4 |  4.0
Fire Magic     | 2 3 4 |  4.0
Conjurations   | 2 3 4 |  4.5
Air Magic      | 1 2 5 8 |  8.0
Poison Magic   | 2 |  2.0
Hexes          | 1 3 4 7 9 |  9.0
Maces & Flails | 6 10 12 | 12.4
Charms         | 4 8 |  8.0
Necromancy     | 4 |  4.0
Armour         | 5 |  5.0
Shields        | |  1.0
Evocations     | |  1.0

Action                   |  1- 3 |  4- 6 |  7- 9 | 10-12 | 13-15 | 16-18 || total
-------------------------+-------+-------+-------+-------+-------+-------++-------
Melee: Club              |    42 |    48 |       |       |       |       ||    90
       Trident           |       |    20 |   227 |   451 |   258 |       ||   956
       Rapier            |       |       |     9 |       |       |       ||     9
       Staff             |       |       |       |     1 |     1 |       ||     2
       Giant club        |       |       |       |       |   353 |   652 ||  1005
       Demon trident     |       |       |       |       |    48 |       ||    48
Throw: Stone             |     6 |     1 |       |       |       |       ||     7
       Large rock        |       |       |       |       |       |    11 ||    11
 Cast: Magic Dart        |   146 |    54 |    71 |   196 |    64 |       ||   531
       Repel Missiles    |     2 |     1 |       |     3 |     3 |     1 ||    10
       Blink             |     5 |     2 |    14 |    40 |    40 |    27 ||   128
       Conjure Flame     |       |     8 |    37 |   159 |   177 |    73 ||   454
       Call Imp          |       |    26 |    35 |    97 |    23 |     7 ||   188
       Mephitic Cloud    |       |     7 |    30 |   102 |    98 |    20 ||   257
       Inner Flame       |       |       |     2 |    31 |    43 |    31 ||   107
       Sticky Flame      |       |       |       |     4 |    32 |    22 ||    58
       Regeneration      |       |       |       |       |    26 |    79 ||   105
       Spectral Weapon   |       |       |       |       |    25 |    80 ||   105
       Summon Lightning  |       |       |       |       |    35 |    78 ||   113
       Cause Fear        |       |       |       |       |     3 |     2 ||     5
       Silence           |       |       |       |       |       |     9 ||     9
       Deflect Missiles  |       |       |       |       |       |     3 ||     3
Invok: Call Merchant     |       |       |       |       |     3 |     3 ||     6
       Potion Petition   |       |       |       |       |     2 |       ||     2
 Abil: Evoke Blink       |       |       |       |       |       |     1 ||     1
Evoke: Wand              |       |       |     3 |     5 |    24 |    12 ||    44
  Use: Scroll            |     7 |       |     2 |     1 |    13 |    13 ||    36
       Potion            |     4 |       |       |     1 |     9 |     9 ||    23
 Stab: Sleeping          |     1 |       |       |       |       |       ||     1
       Confused          |       |       |     3 |     5 |     8 |     2 ||    18
       Distracted        |       |       |       |       |     1 |     9 ||    10
  Eat: Chunk             |     3 |       |       |       |     1 |     1 ||     5
       Bread ration      |     1 |     2 |     4 |     5 |     3 |     5 ||    20
       Beef jerky        |       |       |     2 |     3 |    10 |     4 ||    19
       Royal jelly       |       |       |       |     1 |       |       ||     1
       Fruit             |       |       |       |       |     3 |     2 ||     5
       Meat ration       |       |       |       |       |     2 |     3 ||     5
       Pizza             |       |       |       |       |     2 |     1 ||     3
Armor: Robe              |     7 |    16 |    48 |    80 |    27 |       ||   178
       Troll leather arm |       |       |       |       |   218 |   215 ||   433
       Skin              |       |       |       |       |     5 |       ||     5
       Swamp dragon scal |       |       |       |       |       |    99 ||    99
Dodge: Dodged            |    25 |    41 |    71 |   107 |   282 |   269 ||   795
       Deflected         |     3 |     1 |     3 |    15 |    14 |    27 ||    63
